 Dungeon Crawl Stone Soup version 0.27-a0-1084-g78b3836a5f (webtiles) character file.

Game seed: 2939073646323041755

0 karrick the Magician (level 1, 13/15 HPs)
             Began as a Djinni Fire Elementalist on Apr 27, 2021.
             Quit the game on level 1 of the Dungeon.
             The game lasted 00:00:14 (179 turns).

karrick the Magician (Djinni Fire Elementalist)      Turns: 179, Time: 00:00:14

Health: 13/15      AC:  2    Str:  7    XL:     1   Next: 0%
Gold:   0          EV: 12    Int: 16    God:
                   SH:  0    Dex: 13

rFire    + + .     SeeInvis .   (no weapon)
rCold    x . .     Faith    .   (no shield)
rNeg     . . .     Spirit   .   a - +0 robe
rPois    ∞         Reflect  .   (no helmet)
rElec    .         Harm     .   (no cloak)
rCorr    .         Rampage  .   (no gloves)
Will     .....                  (boots unavailable)
Stlth    ++........             (no amulet)
HPRegen  0.05/turn              (no ring)
MPRegen  0.00/turn              (no ring)

@: flying
A: fire resistance 2, cold vulnerability 1, float, innate caster, hp casting,
extra vitality 1
a: no special abilities


You were on level 1 of the Dungeon.
You visited 1 branch of the dungeon, and saw 1 of its levels.

Inventory:

Armour
 a - a +0 robe (worn)
Jewellery
 b - a ring of magical power
Scrolls
 c - a scroll of immolation {unknown}
 d - a scroll of magic mapping {unknown}


   Skills:
 + Level 2.1 Dodging
 + Level 1.5 Stealth
 + Level 2.6 Spellcasting


You couldn't memorise any spells.
You knew the following spells:

 Your Spells              Type           Power      Damage    Failure   Level
a - Foxfire               Conj/Fire      40%        2x1d6     6%          1
b - Conjure Flame         Conj/Fire      10%        6-21      19%         3
c - Inner Flame           Hex/Fire       10%        N/A       19%         3
d - Sticky Flame          Conj/Fire      10%        2d3       54%         4
e - Fireball              Conj/Fire      5%         3d5       87%         5
Your spell library was empty.

Dungeon Overview and Level Annotations

Branches:
Dungeon (1/15)

Altars:


Innate Abilities, Weirdness & Mutations

You are immune to poison.
Your flesh is very heat resistant. (rF++)
You are vulnerable to cold. (rC-)
You float through the air rather than walking.
You learn spells naturally, not from books.
Your magical power is your life essence.
You have superior vitality. (+4 HP)


Message History

Welcome, karrick the Djinni Fire Elementalist.
Will you prevail where others failed? Will you find the Orb of Zot?
Press ? for a list of commands and other information.
Found a deep dwarf skeleton and a peridot ring.
Found a staircase leading out of the dungeon.
You begin with the following spells memorised: Foxfire, Conjure Flame, Inner Flame, Sticky Flame, Fireball.
Found two deep dwarf skeletons and a scale mail.
You see here a deep dwarf skeleton.
b - a ring of magical power
Okay, then.
Found a deep dwarf skeleton.
You see here a deep dwarf skeleton.
Found a metal-bound book.
Found a leather armour.
You see here a +0 leather armour.
c - a scroll labelled VECROEJADO You see here a +0 leather armour.
Found a stone staircase leading down.
d - a scroll labelled BUAMALO NEUPT You see here a +0 leather armour.
Found an escape hatch in the floor.
A giant cockroach comes into view.
A giant cockroach is nearby!
Cast which spell? (? or * to list)
You conjure some foxfire!
The foxfire hits the giant cockroach.
The giant cockroach is moderately wounded.
Casting: Foxfire (safe; 6% risk of failure)
Confirm with . or Enter, or press ? or * to list all spells.
You conjure some foxfire!
The foxfire hits the giant cockroach.
The giant cockroach is almost dead.
The foxfire hits the giant cockroach but does no damage.
The giant cockroach is almost dead.
Are you sure you want to abandon this character and quit the game? (Confirm with "yes".)

#.#.##. #.#.# #.####
#.#.# .. #.#.# #.# ##
###.#.###.##.#.###.# #.
#...#..............###.
#.#........#.#.###...#.
#.#.####.#.#.#.# #.#.#.
#.#....# # #.#.#.
#.#.##.###...# ..#.#.
#.#.#§@B....># ####.##
#.#.########.# #...
..#.. #### #.# #### ...
.... #. ####


You could see a giant cockroach.

Vanquished Creatures (others)
  2 foxfires (D:1)
2 creatures vanquished.

Notes
Turn   | Place    | Note
-------+----------+-------------------------------------------
     0 | D:1      | karrick the Djinni Fire Elementalist began the quest for
                  | the Orb.
     0 | D:1      | Reached XP level 1. HP: 15/15 MP: 0/0
   179 | D:1      | Quit the game

Illustrated notes

Levels and vault maps discovered:
D:1:      amcnicky_arrival_wind_blow, layout_basic

Action                   || total
-------------------------++-------
 Cast: Foxfire           ||     2

Table legend: (Time is in decaauts)
 A = Elapsed time spent in this place.
 B = Non-inter-level travel time spent in this place.
 C = Inter-level travel time spent in this place.
 D = Time resting spent in this place.
 E = Time spent auto-exploring this place.
 F = Levels seen in this place.
 G = Mean time per level.
                   A        B        C        D        E       F      G
               +--------+--------+--------+--------+--------+-----+--------+
         Total |    179 |    179 |      0 |      0 |    167 |   1 |  179.0 |
       Dungeon |    179 |    179 |      0 |      0 |    167 |   1 |  179.0 |
               +--------+--------+--------+--------+--------+-----+--------+

Top non-repeatable levels by time:
     D:1: 179 daAuts
